 Dungeon Crawl Stone Soup version 0.27.0-1-g7a089689b8 (webtiles) character file.

Game seed: 974660194061626832

6 SnakkuSnakku7 the Sneak (level 1, -16/15 HPs)
             Began as a Vampire Hedge Wizard on Aug 13, 2021.
             Demolished by a goblin (18 damage)
             ... on level 1 of the Dungeon.
             The game lasted 00:00:26 (126 turns).

SnakkuSnakku7 the Sneak (Vampire Hedge Wizard)       Turns: 126, Time: 00:00:29

Health: -16/15     AC:  6    Str:  9    XL:     1   Next: 75%
Magic:  4/4        EV:  8    Int: 16    God:
Gold:   0          SH:  0    Dex: 13    Spells: 5/6 levels left

rFire    . . .     SeeInvis +   a - +2 dagger (protect)
rCold    . . .     Faith    .   (no shield)
rNeg     . . .     Spirit   .   d - +0 scale mail
rPois    .         Reflect  .   c - +0 hat
rElec    .         Harm     .   (no cloak)
rCorr    .         Rampage  .   (no gloves)
Will     .....                  (no boots)
Stlth    +.........             (no amulet)
HPRegen  0.25/turn              (no ring)
MPRegen  0.09/turn              (no ring)

@: healing quickly
A: alive, fangs 3, see invisible, vampiric 1
a: Exsanguinate


You were on level 1 of the Dungeon.
You visited 1 branch of the dungeon, and saw 1 of its levels.

Inventory:

Hand Weapons
 a - a +2 dagger of protection (weapon)
Armour
 b - a +0 robe
 c - a +0 hat (worn)
 d - a +0 scale mail (worn)


   Skills:
 + Level 1.2 Fighting
 - Level 2.1 Dodging
 - Level 3.0 Stealth
 - Level 3.0 Spellcasting
 - Level 0.6 Conjurations
 - Level 1.0 Summonings
 - Level 0.7 Translocations


You had 5 spell levels left.
You knew the following spells:

 Your Spells              Type           Power      Damage    Failure   Level
a - Magic Dart            Conj           16%        1d3       77%         1

Your spell library contained the following spells:

 Spells                   Type           Power      Damage    Failure   Level
 Call Imp                 Summ           5%         N/A       85%         2
 Blink                    Tloc           N/A        N/A       88%         2
 Slow                     Hex            2%         N/A       94%         2
 Conjure Flame            Conj/Fire      3%         6-21      99%         3
 Mephitic Cloud           Conj/Pois/Air  3%         N/A       99%         3


Dungeon Overview and Level Annotations

Branches:
Dungeon (1/15)

Altars:


Innate Abilities, Weirdness & Mutations

Your natural rate of healing is accelerated.
You have razor-sharp teeth.
You have supernaturally acute eyesight. (SInv)
You are afflicted with vampirism.


Message History

You hit the dart slug.
The dart slug is heavily wounded.
You hit the dart slug.
The dart slug is almost dead.
The dart slug bites you but does no damage.
You barely miss the dart slug. You bite the dart slug.
You kill the dart slug!
Your Fighting skill increases to level 1!
You open the door.
A frilled lizard comes into view.
The frilled lizard hisses angrily.
You hear a shout!
A frilled lizard is nearby!
A frilled lizard is nearby!
You miss the frilled lizard. Your bite misses the frilled lizard.
The frilled lizard bites you.
A goblin comes into view.
It is wielding a +1 dagger of distortion.
You closely miss the frilled lizard.
The frilled lizard bites you but does no damage.
You miss the frilled lizard. The frilled lizard closely misses you.
You hit the goblin.
Your weapon exudes an aura of protection.
The goblin is severely wounded.
The goblin barely misses you. The frilled lizard misses you.
You closely miss the goblin.
The goblin is severely wounded.
The goblin hits you but does no damage. Space warps horribly around you!
Ouch! That really hurt!
The frilled lizard barely misses you.
A rat comes into view.
You closely miss the goblin.
The goblin is severely wounded.
The goblin hits you but does no damage.
The frilled lizard bites you but does no damage.
You closely miss the goblin.
The goblin is severely wounded.
The goblin hits you with a +1 dagger of distortion.
* * * LOW HITPOINT WARNING * * *
Space warps horribly around you!!
Ouch! That really hurt!
You die...

.###.....##.#
...'......#.#
####......#.#
#......#.#
######.#.#
#.#.#
#.#.######
#........#
#..#####@#
#..# #lg..#
#..# #r####
#..# ... #..#
#.. #..# #..#
##.# #..#
...#


You could see a goblin, a frilled lizard and a rat.

Vanquished Creatures
  A dart slug (D:1)
  A giant cockroach (D:1)
  A goblin (D:1)
  A kobold (D:1)
4 creatures vanquished.

Notes
Turn   | Place    | Note
-------+----------+-------------------------------------------
     0 | D:1      | SnakkuSnakku7 the Vampire Hedge Wizard began the quest for
                  | the Orb.
     0 | D:1      | Reached XP level 1. HP: 13/13 MP: 4/4
    98 | D:1      | Reached skill level 1 in Fighting
   126 | D:1      | Demolished by a goblin

Illustrated notes

Levels and vault maps discovered:
D:1:      amcnicky_arrival_blooded_trapdoor, layout_basic,
          minmay_split_cup_large

Skill      XL: |  1 |
---------------+----+-----
Fighting       | 1 |  1.2
Dodging        | |  2.1
Stealth        | |  3.0
Spellcasting   | |  3.0
Conjurations   | |  0.6
Summonings     | |  1.0
Translocations | |  0.7

Action                   || total
-------------------------++-------
Melee: Dagger            ||    20
       Bite              ||     2
Armor: Scale mail        ||     7
       Robe              ||     2
Dodge: Dodged            ||     8
